 Dungeon Crawl Stone Soup version 0.31-a0-983-g7b6862f502 (webtiles) character file.

Game seed: 14723201083194399379

28 lunkers the Ruffian (level 2, -2/19 (22) HPs)
             Began as a Demigod Shapeshifter on Nov 2, 2023.
             Slain by a kobold
             ... wielding a +0 dagger
              (3 damage)
             ... on level 2 of the Dungeon.
             The game lasted 00:01:42 (354 turns).

lunkers the Ruffian (Demigod Shapeshifter)           Turns: 354, Time: 00:01:43

HP:   -2/19 (22)    AC:  2    Str: 15    XL:     2   Next: 75%
MP:   4/4           EV: 12    Int: 12    God:
Gold: 34            SH:  5    Dex: 13    Spells: 1/1 levels left

rFire   . .          .
                       - Unarmed
rCold   . . .        (no shield)
rNeg    . . .        a - +0 animal skin
rPois   .            (helmet currently unavailable)
rElec   .            (cloak currently unavailable)
rCorr   .            (gloves currently unavailable)
SInv    .            (boots currently unavailable)
Will    .....        e - amulet of reflection
Stlth   +            (no ring)
HPRegen 0.23/turn    (no ring)
MPRegen 0.09/turn

%: reflection
@: beast-form, heavily drained
A: beast (slay +1), high MP 1, forlorn, divine attributes
a: Begin Untransformation


You were on level 2 of the Dungeon.
You were a hulking beast.
You visited 1 branch of the dungeon, and saw 2 of its levels.

You collected 34 gold pieces.

Inventory:

Hand Weapons
 f - a +0 mace of holy wrath
Armour
 a - a +0 animal skin (worn)
Jewellery
 e - an amulet of reflection (around neck)
Talismans
 c - a beast talisman
 d - a flux talisman
 i - a serpent talisman
Scrolls
 g - a scroll of identify {unknown}
Potions
 b - a potion of lignification
 h - a potion of invisibility {unknown}


   Skills:
 - Level 0.8 Fighting
 - Level 1.7 Dodging
 * Level 3.4 Unarmed Combat
 + Level 3.0 Shapeshifting


You had one spell level left.
You didn't know any spells.
Your spell library contained the following spells:

 Spells                   Type           Power      Damage    Failure   Level
 Ignite Poison            Fire/Tmut/Pois 0%         N/A       69%         3
 Sticky Flame             Conj/Fire      0%         2d3       97%         4
 Ignition                 Fire           0%         3d3       100%        8


Dungeon Overview and Level Annotations

Branches:
Dungeon (2/15)


Innate Abilities, Weirdness & Mutations

You are a hulking beast.
Your limbs bulge with bestial killing power. (Slay +1)
You have an increased reservoir of magic. (+10% MP)
You shall have no god before yourself.
Your divine heritage dramatically boosts your attributes as you level up.


Message History

You hit the adder.
The adder is severely wounded.
The adder bites you.
* * * LOW HITPOINT WARNING * * *
The kobold hits you but does no damage.
You feel drained.
Unknown command.
You hit the adder.
The adder is almost dead.
The adder bites you but does no damage. The kobold closely misses you.
Unknown command.
You hit the adder but do no damage.
The adder is almost dead.
The adder bites you.
* * * LOW HITPOINT WARNING * * *
An adder comes into view.
The kobold hits you with a +0 dagger of draining.
* * * LOW HITPOINT WARNING * * *
You feel drained.
* * * LOW HITPOINT WARNING * * *
The adder misses you.
The adder hisses angrily.
You hit the adder but do no damage.
The adder is almost dead.
The adder completely misses you. You block the kobold's attack.
Unknown command.
You barely miss the adder.
The adder is almost dead.
The adder bites you but does no damage.
The kobold hits you with a +0 dagger of draining.
* * * LOW HITPOINT WARNING * * *
You feel drained.
* * * LOW HITPOINT WARNING * * *
You punch the adder!
You kill the adder!
The kobold hits you but does no damage.
You feel drained.
Your Shapeshifting skill increases to level 3!
Unknown command.
You closely miss the kobold. Your punch misses the kobold.
The kobold hits you with a +0 dagger.
You die...

# ..#####
$.#.....########
...?###........#
..#...........!#
....S.Kh.......#
#.....K........##
............[...#
...............##
...........<...#
...............#
...............#
.........).....#
............##


You could see an adder and 2 kobolds.

Vanquished Creatures
  An adder (D:2)
  A worm (D:2)
  A dart slug (D:1)
  2 bats (D:1)
  A giant cockroach (D:1)
  A goblin (D:1)
  A hobgoblin (D:1)
  A quokka (D:1)
  2 ball pythons (D:1)
  A kobold (D:2)
  2 rats (D:1)
14 creatures vanquished.

Notes
Turn   | Place    | Note
-------+----------+-------------------------------------------
     0 | D:1      | lunkers the Demigod Shapeshifter began the quest for the
                  | Orb.
     0 | D:1      | Reached XP level 1. HP: 15/15 MP: 3/3
   249 | D:1      | Reached XP level 2. HP: 19/22 MP: 4/4
   354 | D:2      | Slain by a kobold

Illustrated notes

Levels and vault maps discovered:
D:1:      dpeg_arrival_rooms_c, layout_basic
D:2:      layout_rooms, kennysheep_generic_room_12

Skill      XL: |  1  2 |
---------------+-------+-----
Unarmed Combat | 3 |  3.4
Shapeshifting  | 3 |  3.0
Fighting       | |  0.8
Dodging        | |  1.7

Action                     || total
---------------------------++-------
  Melee: Unarmed           ||    52
   Stab: Sleeping          ||     2
 Armour: Animal skin       ||    27
  Dodge: Dodged            ||    20
  Block: Other             ||    16

Table legend: (Time is in decaauts)
 A = Elapsed time spent in this place.
 B = Non-inter-level travel time spent in this place.
 C = Inter-level travel time spent in this place.
 D = Time resting spent in this place.
 E = Time spent auto-exploring this place.
 F = Levels seen in this place.
 G = Mean time per level.
                   A        B        C        D        E       F      G
               +--------+--------+--------+--------+--------+-----+--------+
         Total |    350 |    350 |      0 |      0 |    218 |   2 |  175.0 |
       Dungeon |    350 |    350 |      0 |      0 |    218 |   2 |  175.0 |
               +--------+--------+--------+--------+--------+-----+--------+

Top non-repeatable levels by time:
     D:1: 323 daAuts
     D:2: 27 daAuts
